 Dungeon Crawl Stone Soup version 0.29.1-2-gbd0b4ee654 (webtiles) character file.

Game seed: 13315406239806008543

303 xian the Shooter (level 6, -4/37 HPs)
             Began as a Tengu Hunter on Nov 2, 2022.
             Slain by Pikel
             ... wielding a +1 whip of freezing
              (5 damage)
             ... on level 3 of the Dungeon.
             The game lasted 00:06:09 (3887 turns).

xian the Shooter (Tengu Hunter)                     Turns: 3887, Time: 00:06:09

Health: -4/37      AC:  6    Str: 14    XL:     6   Next: 38%
Magic:  16/16      EV: 15    Int:  9    God:
Gold:   217        SH:  0    Dex: 17    Spells: 5/5 levels left

rFire   . . .      SeeInvis .   t - +2 spear (freeze)
rCold   . . .      Faith    .   (no shield)
rNeg    . . .      Spirit   .   m - +2 animal skin
rPois   .          Reflect  .   f - +1 hat
rElec   .          Harm     .   (no cloak)
rCorr   .          Rampage  .   k - +0 pair of gloves
Will    .....                   (boots unavailable)
Stlth   ++........              (no amulet)
HPRegen 0.12/turn               o - ring of magical power
MPRegen 0.15/turn               (no ring)

@: flying quickly and evasively, quick
A: beak, talons 3, nimble flight
a: no special abilities


You were on level 3 of the Dungeon.
You visited 1 branch of the dungeon, and saw 4 of its levels.

You collected 217 gold pieces.

Inventory:

Hand Weapons
 a - a +0 shortbow
 t - a +2 spear of freezing (weapon)
Armour
 f - a +1 hat (worn)
 k - a +0 pair of gloves (worn)
 m - a +2 animal skin (worn)
Jewellery
 o - a ring of magical power (left hand)
Wands
 c - a wand of mindburst (11)
Scrolls
 b - 2 scrolls of immolation
 g - a scroll of enchant weapon {unknown}
 h - a scroll of teleportation
 j - 2 scrolls of enchant armour {unknown}
 l - a scroll of fog {unknown}
 n - a scroll of summoning {unknown}
 p - 2 scrolls of amnesia {unknown}
 q - a scroll of poison {unknown}
 r - a scroll of fear {unknown}
 s - a scroll of identify {unknown}
Potions
 d - 3 potions of attraction
 e - a potion of haste {unknown}
 i - a potion of curing {unknown}


   Skills:
 + Level 3.4 Fighting
 + Level 7.1 Ranged Weapons
 + Level 0.9 Armour
 + Level 2.7 Dodging
 + Level 1.4 Stealth


You had 5 spell levels left.
You didn't know any spells.
Your spell library was empty.

Dungeon Overview and Level Annotations

Branches:
Dungeon (4/15)
 Temple: D:4-7

Altars:

Annotations:
D:3 Pikel


Innate Abilities, Weirdness & Mutations

You have a beak for a mouth.
You have claws for feet.
Your magical nature lets you fly swiftly and evasively.


Message History

Reach: t) +2 spear (freeze)
Press: ? - help, Dir - move target, f/p - Pikel
Aim: Pikel, wielding a +1 whip of freezing and wearing a +0 robe (moderately wounded, about 41% to evade your +2 spear of freezing)
You hit Pikel. You freeze Pikel. Your kick misses Pikel.
You peck Pikel, but do no damage.
Pikel is moderately wounded.
Pikel closely misses you.
You hit Pikel but do no damage. You claw Pikel, but do no damage.
Pikel is moderately wounded.
Pikel barely misses you.
You hit Pikel but do no damage.
Pikel is moderately wounded.
Pikel hits you but does no damage.
You barely miss Pikel. Your kick misses Pikel.
Pikel is moderately wounded.
Pikel hits you but does no damage.
You hit Pikel but do no damage. Your kick misses Pikel.
You peck Pikel, but do no damage.
Pikel is moderately wounded.
Pikel barely misses you.
You hit Pikel but do no damage. Your kick misses Pikel.
Pikel is moderately wounded.
Pikel misses you. x2
You puncture Pikel! You freeze Pikel. Your kick misses Pikel.
You peck Pikel, but do no damage.
Pikel is heavily wounded.
Pikel hits you with a +1 whip of freezing!
Pikel freezes you.
You barely miss Pikel. Your peck misses Pikel.
Pikel is heavily wounded.
Pikel hits you with a +1 whip of freezing.
* * * LOW HITPOINT WARNING * * *
Pikel freezes you.
* * * LOW HITPOINT WARNING * * *
You hit Pikel. You freeze Pikel. You claw Pikel.
Pikel is almost dead.
Pikel hits you with a +1 whip of freezing!
* * * LOW HITPOINT WARNING * * *
Pikel freezes you.
You die...

.....##.# #.# ........# #.#
.....#..# #.#
...###..#####.#############
...# #........[...........#
#.## #.######.###########.#
#.####.######.# #.#
#.............####### #.#
######.(.......K@...#####.####
######.##########............#
.......# ##.#.#####.##.#
.#####.# #....# #.##.# .# #.#
#..### #.##.# .#####.# #<.#
###.##.# .......# #..#
#...##.# ....#### #..#
#.####.# .##.# #..# #.# #.#


You could see Pikel.

Vanquished Creatures
  A black bear (D:3)
  A necrophage (D:4)
  Robin (D:2)
  5 adders
  An ufetubus (D:4)
  A worm (D:3)
  2 dart slugs (D:3)
  9 endoplasms
  A giant cockroach (D:1)
  13 goblins
  7 hobgoblins
  2 jackals (D:4)
  7 quokkas
  7 ball pythons
  6 bats
  A frilled lizard (D:1)
  6 kobolds
  5 rats
76 creatures vanquished.

Notes
Turn   | Place    | Note
-------+----------+-------------------------------------------
     0 | D:1      | xian the Tengu Hunter began the quest for the Orb.
     0 | D:1      | Reached XP level 1. HP: 12/12 MP: 2/2
   259 | D:1      | Reached XP level 2. HP: 17/17 MP: 3/3
   839 | D:2      | Reached skill level 5 in Ranged Weapons
  1280 | D:2      | Reached XP level 3. HP: 22/22 MP: 4/4
  2033 | D:2      | Reached XP level 4. HP: 27/27 MP: 5/5
  2218 | D:2      | Noticed Robin
  2228 | D:2      | Killed Robin
  2787 | D:3      | Reached skill level 6 in Ranged Weapons
  2841 | D:3      | Gained mutation: Your magical nature lets you fly swiftly
                  | and evasively. [Tengu growth]
  2841 | D:3      | Reached XP level 5. HP: 32/32 MP: 6/6
  2891 | D:3      | Noticed a black bear
  3335 | D:3      | Killed a black bear
  3530 | D:4      | Reached skill level 7 in Ranged Weapons
  3530 | D:4      | Reached XP level 6. HP: 18/37 MP: 7/7
  3763 | D:4      | Noticed Pikel
  3887 | D:3      | HP: 1/37 [Pikel/+1 whip of freezing (9)]
  3887 | D:3      | Slain by Pikel

Illustrated notes

Levels and vault maps discovered:
D:1:      ncdulo_watergridlock, layout_loops_cross
D:2:      layout_loops_corners, st_stairs_3, uniq_robin
D:3:      layout_loops_ring, minivault_11
D:4:      layout_cave_pools, mainiacjoe_overflow_chevrons,
          mainiacjoe_overflow_cross_hatched, uniq_duvessa, uniq_pikel

Skill      XL: |  1  2  3  4  5 |
---------------+----------------+-----
Ranged Weapons | 5 6 7 |  7.1
Fighting       | 3 |  3.4
Armour         | |  0.9
Dodging        | |  2.7
Stealth        | |  1.4

Action                   |  1- 3 |  4- 6 || total
-------------------------+-------+-------++-------
Melee: Spear             |       |    18 ||    18
       Kick              |       |     5 ||     5
       Peck              |       |     3 ||     3
 Fire: Shortbow          |    95 |   132 ||   227
  Use: Scroll            |       |     1 ||     1
       Potion            |       |     1 ||     1
Armor: Leather armour    |    21 |     6 ||    27
       Animal skin       |       |    23 ||    23
Dodge: Dodged            |    40 |    65 ||   105
